 Dungeon Crawl Stone Soup version 0.25-a0-589-g1e14c549ee (webtiles) character file.

Game seed: 11268188991027363063, levelgen mode: deterministic

2288 Lugonue the Covert (level 9, -2/33 (35) HPs)
             Began as a Felid Venom Mage on Mar 11, 2020.
             Killed from afar by a manticore (16 damage)
             ... with a volley of spikes
             ... on level 6 of the Dungeon.
             The game lasted 00:20:01 (9248 turns).

Lugonue the Covert (Felid Venom Mage)               Turns: 9248, Time: 00:20:03

HP:   -2/33 (35)    AC:  2    Str:  4    XL:     9   Next: 17%
MP:   15/18         EV: 20    Int: 20    God:
Gold: 284           SH:  0    Dex: 16    Spells: 5/19 levels left
                                        Lives: 0   Deaths: 2

rFire    + . .     SeeInvis +     - Unarmed
rCold    x . .     Gourm    .   (shield unavailable)
rNeg     . . .     Faith    .   (armour unavailable)
rPois    .         Spirit   .   (helmet unavailable)
rElec    .         Reflect  .   (cloak unavailable)
rCorr    .         Harm     .   (gloves unavailable)
MR       +....                  (boots unavailable)
Stlth    +++++.....             (no amulet)
HPRegen  0.11/turn              w - ring of fire
MPRegen  0.16/turn              s - ring of wizardry

@: barbed spikes, quick
A: very small, no armour, no weapons or thrown items, stealth, claws 1, fangs 3,
see invisible, carnivore, speed 1, shaggy fur 2, slow metabolism 1, sharp paws
a: no special abilities


You were on level 6 of the Dungeon.
You were not hungry.

You visited 1 branch of the dungeon, and saw 6 of its levels.

You collected 284 gold pieces.

Inventory:

Jewellery
 k - an uncursed ring of resist corrosion
 s - a ring of wizardry (right paw)
 w - a ring of fire (left paw)
Wands
 x - a wand of random effects (20)
Scrolls
 a - 3 scrolls of identify
 g - a scroll of fear {unknown}
 i - 2 scrolls of magic mapping {unknown}
 m - a scroll of enchant weapon {unknown}
 p - a scroll of enchant armour {unknown}
 q - a scroll of random uselessness {unknown}
 r - a scroll of noise {unknown}
 t - 4 scrolls of remove curse
 u - 3 scrolls of amnesia {unknown}
 y - a scroll of teleportation
Potions
 c - a potion of stabbing {unknown}
 d - a potion of degeneration
 e - a potion of magic {unknown}
 f - 2 potions of mutation {unknown}
 h - a potion of might {unknown}
 j - a potion of heal wounds {unknown}
 l - 5 potions of curing
 n - a potion of cancellation {unknown}
 v - a potion of lignification {unknown}
 z - a potion of brilliance {unknown}
Comestibles
 b - 11 rations


   Skills:
 + Level 1.3 Fighting
 - Level 5.2 Dodging
 * Level 9.3 Stealth
 + Level 4.4 Unarmed Combat
 + Level 5.7 Spellcasting
 + Level 0.7 Conjurations
 + Level 4.4 Transmutations
 + Level 2.0 Fire Magic
 + Level 2.5 Air Magic
 + Level 6.3 Poison Magic
 + Level 0.5 Evocations


You had 5 spell levels left.
You knew the following spells:

 Your Spells              Type           Power        Failure   Level  Hunger
a - Sting                 Tmut/Pois      ####         1%          1    None
b - Poisonous Vapours     Pois/Air       ###...       1%          2    None
c - Olgreb's Toxic Radia  Pois           ####....     3%          4    ####...
d - Ignite Poison         Fire/Tmut/Pois ####....     2%          3    ##.....
e - Mephitic Cloud        Conj/Pois/Air  ###.....     3%          3    ##.....
f - Apportation           Tloc           #.....       4%          1    None

Your spell library contained the following spells:

 Spells                   Type           Power        Failure   Level  Hunger
 Animate Skeleton         Necr           N/A          4%          1    None
 Corona                   Hex            #......      4%          1    None
 Summon Small Mammal      Summ           #...         4%          1    None


Dungeon Overview and Level Annotations

Branches:
Dungeon (6/15)
 Temple: D:4-7

Altars:
Dithmenos
Elyvilon
Makhleb
Nemelex Xobeh
Qazlal
Trog
Xom
Yredelemnul

Annotations:
D:3 2 runed translucent doors, Esekla's ghost, amateur SpAr


Innate Abilities, Weirdness & Mutations

You cannot wear armour.
You are incapable of wielding weapons or throwing items.
Your paws allow you to move quietly. (Stealth)
You have sharp claws.
You have razor-sharp teeth.
You have supernaturally acute eyesight. (SInv)
You are carnivorous and can eat meat at any time.
You cover ground quickly.
You are covered in thick fur. (AC +2)
You have a slow metabolism.
Your sharp claws are effective at attacking unaware monsters.


Message History

The manticore flicks its tail.
The volley of spikes hits you!!
The barbed spikes become lodged in your body.
Ouch! That really hurt!
The barbs in your skin will harm you if you move.
Continue?
Okay, then.
Unknown command.
Casting: Poisonous Vapours (safe; 1% risk of failure)
Confirm with . or Enter, or press ? or * to list all spells.
Aiming: Mephitic Cloud (safe; 3% risk of failure)
Press: ? - help, Shift-Dir - straight line, f - manticore
Aim: a manticore The ball explodes into a vile cloud!
The stinking cloud engulfs the manticore but does no damage.
You hear a shout!
The manticore is engulfed in noxious fumes.
The manticore flicks its tail.
The volley of spikes hits you!
The barbed spikes become lodged in your body.
You die...

##### ..≈≈≈≈ ######...#
.ZP≈≈≈ #...)....#
...≈≈≈ #........#
#.≈≈≈≈≈ #........#
..H≈≈≈≈ #........#
...≈≈≈≈ #........#
####.≈≈P≈≈≈
#.......@####..H.≈P≈≈P≈
####
#........○H☼.....≈≈≈≈≈.
...#
#......####.#..P≈≈≈≈≈P.
##.# ###.##.#
#...≈≈≈≈≈≈P.. #.#
#.##.# ##..P≈≈≈≈.P..
#.# #.##.# ###≈P≈P≈P.≈.
#.# #.##.# ≈≈≈≈≈≈.P..
#.# #.#### ≈≈≈≈≈≈....
#.# #.# ≈≈≈≈...


You could see a manticore.

Vanquished Creatures
  2 slime creatures (D:6)
  Sigmund (D:2)
  Eustachio (D:4)
  A hungry ghost (D:5)
  6 ogres
  A necrophage (D:6)
  A centaur (D:5)
  2 big kobolds (D:6)
  2 bullfrogs
  4 electric eels (D:6)
  4 wights (D:6)
  A centaur zombie (D:6)
  A crimson imp (D:5)
  2 hounds (D:6)
  Crazy Yiuf (D:2)
  4 jellies
  A centaur skeleton (D:5)
  3 iguanas
  Natasha (twice) (D:2)
  5 orc wizards
  4 worker ants
  A hound skeleton (D:5)
  A hound zombie (D:5)
  8 adders
  2 shadow imps
  8 oozes
  2 worms (D:2)
  3 dart slugs
  6 leopard geckos
  32 orcs
  9 giant cockroaches
  6 goblins
  5 hobgoblins (D:2)
  7 jackals
  A quokka (D:4)
  3 ball pythons
  9 bats
  8 frilled lizards
  18 kobolds
  A leopard gecko skeleton (D:4)
  12 rats
191 creatures vanquished.

Vanquished Creatures (others)
  9 fungi (D:6)
  A plant (D:6)
  7 toadstools (D:6)
17 creatures vanquished.

Grand Total: 208 creatures vanquished

Notes
Turn   | Place    | Note
-------+----------+-------------------------------------------
     0 | D:1      | Lugonue the Felid Venom Mage began the quest for the Orb.
     0 | D:1      | Reached XP level 1. HP: 7/7 MP: 4/4
   205 | D:1      | Reached skill level 3 in Stealth
   236 | D:1      | Reached XP level 2. HP: 9/11 MP: 0/6
   780 | D:1      | Reached XP level 3. HP: 14/14 MP: 5/7
  1327 | D:2      | Found a runed translucent door.
  1328 | D:2      | Noticed Crazy Yiuf
  1384 | D:2      | Learned a level 3 spell: Ignite Poison
  1402 | D:2      | Killed Crazy Yiuf
  1402 | D:2      | Reached XP level 4. HP: 18/18 MP: 1/8
  1494 | D:2      | Reached skill level 4 in Stealth
  1536 | D:2      | Learned a level 4 spell: Olgreb's Toxic Radiance
  1824 | D:2      | Noticed Sigmund
  1909 | D:3      | Found a faded altar of an unknown god.
  1931 | D:3      | Found a burning altar of Makhleb.
  1932 | D:3      | Found a stormy altar of Qazlal.
  2172 | D:3      | Reached XP level 5. HP: 21/21 MP: 1/9
  2188 | D:3      | Reached skill level 1 in Unarmed Combat
  2204 | D:3      | Found a large runed translucent door.
  2204 | D:3      | Found a large runed translucent door.
  2206 | D:3      | Noticed Esekla's ghost (amateur SpAr)
  3628 | D:4      | Found a shadowy altar of Dithmenos.
  3681 | D:4      | Noticed an ogre
  3689 | D:4      | Killed an ogre
  3689 | D:4      | Reached skill level 5 in Stealth
  3689 | D:4      | Gained mutation: You are covered in thick fur. (AC +2)
                  | [Felid growth]
  3689 | D:4      | Reached XP level 6. HP: 25/25 MP: 3/11
  3693 | D:4      | Learned a level 2 spell: Poisonous Vapours
  3804 | D:2      | Killed Sigmund
  4098 | D:2      | Noticed Natasha
  4102 | D:2      | Killed Natasha
  4102 | D:2      | Reached XP level 7. HP: 18/28 MP: 4/13
  4244 | D:2      | Noticed Natasha
  4251 | D:2      | Killed Natasha
  4514 | D:4      | Reached skill level 6 in Stealth
  4595 | D:4      | Noticed Eustachio
  4619 | D:4      | Killed Eustachio
  4619 | D:4      | Reached skill level 5 in Dodging
  4891 | D:4      | Reached skill level 1 in Air Magic
  4944 | D:4      | Reached XP level 8. HP: 30/31 MP: 11/15
  4968 | D:4      | Found a shimmering altar of Xom.
  4978 | D:4      | Found a basalt altar of Yredelemnul.
  5071 | D:4      | Reached skill level 1 in Fighting
  5128 | D:4      | Reached skill level 7 in Stealth
  5242 | D:4      | Learned a level 3 spell: Mephitic Cloud
  5307 | D:5      | Entered Level 5 of the Dungeon
  5339 | D:5      | Slain by an orc
  5340 | D:5      | Reached XP level 7. HP: -3/28 MP: 1/14
  5386 | D:5      | Noticed a hungry ghost
  5563 | D:6      | Noticed a white ugly thing
  5573 | D:6      | Demolished by a white ugly thing
  5574 | D:6      | Reached XP level 6. HP: -19/25 MP: 3/13
  5576 | D:6      | Reached skill level 5 in Poison Magic
  5895 | D:5      | Killed a hungry ghost
  5895 | D:5      | Reached XP level 7. HP: 16/28 MP: 7/14
  6056 | D:5      | Found a bloodstained altar of Trog.
  6057 | D:5      | Reached skill level 1 in Fire Magic
  6351 | D:5      | Found a white marble altar of Elyvilon.
  6468 | D:5      | Reached skill level 8 in Stealth
  6500 | D:5      | Found a sparkling altar of Nemelex Xobeh.
  6747 | D:6      | Reached XP level 8. HP: 16/32 MP: 1/16
  7877 | D:6      | Reached skill level 5 in Spellcasting
  8105 | D:6      | Noticed a slime creature
  8106 | D:6      | Noticed a slime creature
  8106 | D:6      | Noticed a slime creature
  8116 | D:6      | Killed a slime creature
  8266 | D:6      | Killed a large slime creature
  8266 | D:6      | Reached skill level 9 in Stealth
  8616 | D:6      | Reached XP level 9. HP: 35/35 MP: 5/18
  8881 | D:6      | Learned a level 1 spell: Apportation
  9198 | D:6      | Noticed a manticore
  9248 | D:6      | Killed from afar by a manticore

Levels and vault maps discovered:
D:1:      lordsloth_arrival_two_stooges, layout_basic, item_on_display_b
D:2:      minmay_razor_zed, layout_rooms, uniq_crazy_yiuf_cottage, uniq_natasha,
          uniq_sigmund
D:3:      layout_basic, gammafunk_temple_overflow_pools,
          chequers_ecumenical_altar_island, ebering_ghost_disaster_area,
          corexii_shack, minmay_fractal_squares_diagonal_5
D:4:      minmay_chambers_of_twos, layout_cave_pools,
          amethyst_overflow_temple_binary,
          nicolae_dithmenos_through_a_glass_darkly, uniq_eustachio
D:5:      layout_loops_ring, nemelex_xobeh_ov_fountains_minmay,
          kennysheep_mini_moat, first_ration, trog_three_pillars_becter
D:6:      cheibrodos_fertilizer, layout_basic, ebering_ghost_inner_flame,
          serial_rivers, chequers_serial_rivers_micro_b,
          chequers_serial_rivers_room_a, chequers_serial_rivers_room_b,
          chequers_serial_rivers_room_a, chequers_decorated_corner,
          chequers_big_river, minmay_three_doors

Skill      XL: |  1  2  3  4  5  6  7  8  9 |
---------------+----------------------------+-----
Stealth        | 3 4 5 8 9 |  9.3
Dodging        | 3 4 5 |  5.2
Poison Magic   | 3 5 4 6 |  6.3
Unarmed Combat | 2 3 4 |  4.4
Transmutations | 2 4 |  4.4
Spellcasting   | 3 4 5 |  5.7
Air Magic      | 1 2 |  2.5
Fighting       | 1 |  1.3
Fire Magic     | 1 2 |  2.0
Conjurations   | |  0.7
Evocations     | |  0.5

Action                   |  1- 3 |  4- 6 |  7- 9 || total
-------------------------+-------+-------+-------++-------
Melee: Unarmed           |    49 |    74 |    53 ||   176
       Bite              |     2 |     6 |     3 ||    11
 Cast: Sting             |    48 |    40 |    46 ||   134
       Olgreb's Toxic Ra |       |     7 |    10 ||    17
       Ignite Poison     |       |     7 |    32 ||    39
       Poisonous Vapours |       |     5 |    46 ||    51
       Mephitic Cloud    |       |     2 |    18 ||    20
Evoke: Wand              |       |       |    13 ||    13
  Use: Scroll            |     4 |       |     1 ||     5
       Potion            |       |     1 |     1 ||     2
 Stab: Sleeping          |     6 |    13 |     7 ||    26
  Eat: Chunk             |     9 |     7 |    14 ||    30
Armor: Skin              |     5 |     5 |     7 ||    17
Dodge: Dodged            |    78 |    85 |   103 ||   266

Table legend:
 A = Non-vault XP
 B = Vault XP
 C = Vault XP percentage of total XP
 D = Non-vault monster count
 E = Vault monster count
 F = Vault count percentage of total count
                 A         B        C        D         E       F
            +---------+---------+-------+---------+---------+-------
      Total |    2690 |    1918 |  41.6 |     146 |      45 |  23.6
            +---------+---------+-------+---------+---------+-------
        D:1 |      46 |       0 |   0.0 |      28 |       0 |   0.0
        D:2 |     102 |     323 |  76.0 |      23 |      14 |  37.8
        D:3 |     167 |      21 |  11.2 |      27 |       6 |  18.2
        D:4 |     610 |     397 |  39.4 |      23 |       7 |  23.3
        D:5 |     903 |       0 |   0.0 |      30 |       0 |   0.0
        D:6 |     862 |    1177 |  57.7 |      15 |      18 |  54.5
            +---------+---------+-------+---------+---------+-------
